[Event "Team 45 45 League T58"]
[Site "Internet Chess Club"]
[Date "2013.09.14"]
[Round "4"]
[White "Bible-Believer"]
[Black "rookmaster23"]
[Result "1-0"]
[WhiteElo "1752"]
[BlackElo "1646"]
[Opening "Sicilian: Najdorf, 7...Be7 main line"]
[ECO "B99"]
[Time "20:00:10"]
[TimeControl "2700+45"]

1. e4 c5 2. Nf3 d6 3. d4 cxd4 4. Nxd4 Nf6 5. Nc3 a6 6. Bg5 e6 7. f4 Be7 8. Qf3
Qc7 9. O-O-O Nbd7 10. Bd3 b5 11. a3 Nc5 12. Rhe1 Bb7 13. Qh3 Rc8 14. e5 dxe5 15.
fxe5 Nd5 16. Bxe7 Nxd3+ 17. Rxd3 Qxe7 18. Nxd5 Bxd5 19. Nf5 Qg5+ 20. Kb1 Bxg2
21. Nd6+ Kf8 22. Nxf7 Bxh3 23. Nxg5 Bf5 24. Rd7 Bxc2+ 25. Ka2 Bf5 26. Nf7 Rg8
27. Nd6 Rc2 28. Rf7# {Black checkmated} 1-0

[Event "Team 45 45 League T58"]
[Site "Internet Chess Club"]
[Date "2013.09.14"]
[Round "4"]
[White "smsxman"]
[Black "BotanicalKnight"]
[Result "0-1"]
[WhiteElo "1373"]
[BlackElo "1499"]
[Opening "Caro-Kann defense"]
[ECO "B10"]
[Time "08:01:17"]
[TimeControl "2700+45"]

1. e4 c6 2. Nf3 d5 3. exd5 cxd5 4. d4 Nc6 5. Nc3 Bg4 6. Be2 e6 7. O-O Nf6 8. Re1
Be7 9. Bg5 O-O 10. Qd2 a6 11. a3 b5 12. b4 Rc8 13. h3 Bh5 14. Bxf6 Bxf6 15. Rad1
Bxf3 16. Bxf3 Nxd4 17. Be2 Nxc2 18. Nb1 Nxe1 19. Qxe1 Qc7 20. Bd3 Qe5 21. Qd2
Qb2 22. Qf4 Rc6 23. Rd2 Rc1+ 24. Kh2 Qe5 25. Qxe5 Bxe5+ 26. g3 Rfc8 27. f4 Bd6
28. Rb2 Rd1 29. Be2 Re1 30. Bf3 Rcc1 31. Nd2 g6 32. Bg2 Re2 33. Nb3 Rcc2 34.
Rxc2 Rxc2 35. Nd4 Ra2 36. Nc6 Rxa3 37. h4 h5 {White resigns} 0-1

[Event "Team 45 45 League T58"]
[Site "Internet Chess Club"]
[Date "2013.09.14"]
[Round "4"]
[White "medsurg"]
[Black "Tribe97"]
[Result "0-1"]
[WhiteElo "1317"]
[BlackElo "1302"]
[Opening "French: Winawer, advance variation"]
[ECO "C18"]
[Time "20:00:07"]
[TimeControl "2700+45"]

1. d4 e6 2. e4 d5 3. Nc3 Bb4 4. e5 c5 5. a3 Bxc3+ 6. bxc3 Qa5 7. Bd2 Qa4 8. Nf3
b6 9. Bd3 Ba6 10. O-O Bxd3 11. cxd3 Qxd1 12. Rfxd1 Nc6 13. Be3 cxd4 14. Bxd4
Nxd4 15. Nxd4 Ne7 16. Nb5 O-O 17. Nd6 Nc8 18. Nb5 a6 19. Nd4 Ne7 20. a4 Rfc8 21.
Rac1 Nc6 22. Nxc6 Rxc6 23. c4 Rac8 24. f4 dxc4 25. dxc4 Kf8 26. Rd6 Rxc4 27.
Rxc4 Rxc4 28. Rxb6 Rxa4 29. g4 Rxf4 {White resigns} 0-1

[Event "Team 45 45 League T58"]
[Site "Internet Chess Club"]
[Date "2013.09.13"]
[Round "4"]
[White "Toalla"]
[Black "kingsrook"]
[Result "0-1"]
[WhiteElo "1306"]
[BlackElo "1289"]
[Opening "Sicilian: Anderssen variation"]
[ECO "B41"]
[Time "15:00:16"]
[TimeControl "2700+45"]

1. e4 c5 2. Nf3 e6 3. d4 cxd4 4. Nxd4 Nf6 5. Nc3 Nc6 6. Bf4 Bb4 7. a3 Ba5 8. b4
Bc7 9. e5 Nxe5 10. Ndb5 d5 11. Nxc7+ Qxc7 12. Bb5+ Nfd7 13. Qd4 f6 14. O-O O-O
15. Rae1 a6 16. Bxd7 Bxd7 17. Bxe5 fxe5 18. Qxe5 Rac8 19. Qxc7 Rxc7 {White
resigns} 0-1

[Event "Team 45 45 League T58"]
[Site "Internet Chess Club"]
[Date "2013.09.14"]
[Round "4"]
[White "GideonL"]
[Black "BrerRabbit"]
[Result "1/2-1/2"]
[WhiteElo "1491"]
[BlackElo "1489"]
[Opening "Pirc: Ufimtsev-Pytel variation"]
[ECO "B07"]
[Time "19:01:59"]
[TimeControl "2700+45"]

1. e4 d6 2. d4 Nf6 3. Nc3 c6 4. Nf3 Bg4 5. Bg5 Nbd7 6. Bd3 e6 7. O-O Be7 8. Bxf6
Bxf6 9. d5 cxd5 10. exd5 O-O 11. Qe2 Ne5 12. Qe4 Nxf3+ 13. Kh1 Bf5 14. Qxf3 Bxd3
15. Qxd3 Bxc3 16. bxc3 e5 17. Rfe1 Rc8 18. Re3 Rc5 19. Rh3 h6 20. Rb1 b6 21. Rb4
Qg5 22. g3 Qg6 23. Qd2 {Game drawn by mutual agreement} 1/2-1/2

[Event "Team 45 45 League T58"]
[Site "Internet Chess Club"]
[Date "2013.09.12"]
[Round "4"]
[White "one-over"]
[Black "jjaillet2007"]
[Result "1/2-1/2"]
[WhiteElo "1344"]
[BlackElo "1382"]
[Opening "French: exchange variation"]
[ECO "C01"]
[Time "20:00:49"]
[TimeControl "2700+45"]

1. e4 e6 2. d4 d5 3. exd5 exd5 4. Bd3 Bd6 5. Nf3 Nf6 6. O-O Bg4 7. Re1+ Be7 8.
Qe2 Nc6 9. c3 O-O 10. Nbd2 Re8 11. Qf1 Bxf3 12. Nxf3 h6 13. Bd2 Bd6 14. Rxe8+
Qxe8 15. Re1 Qd8 16. Ne5 Ne7 17. h3 Bxe5 18. dxe5 Nd7 19. Qe2 Nc5 20. Bc2 Qd7
21. Be3 Ne6 22. f4 d4 23. cxd4 Nxd4 24. Bxd4 Qxd4+ 25. Qe3 Qxb2 26. Bb3 Nf5 27.
Qe2 Qd4+ 28. Qf2 Rd8 29. e6 Qxf2+ 30. Kxf2 Kf8 31. exf7 Nd6 32. Rd1 Ne4+ 33. Ke1
Rxd1+ 34. Kxd1 Nd6 35. g4 Nxf7 36. Bxf7 Kxf7 37. h4 g5 38. hxg5 hxg5 39. f5 c5
40. Kc2 b5 41. a3 a5 42. Kc3 Kf6 43. Kb3 a4+ 44. Kc3 Ke5 45. Kd3 b4 46. axb4
cxb4 47. Kc4 b3 48. Kc3 Kf6 49. Kb2 Ke5 50. Ka3 Kf6 51. Kb2 {Game drawn by
mutual agreement} 1/2-1/2

[Event "Team 45 45 League T58"]
[Site "Internet Chess Club"]
[Date "2013.09.15"]
[Round "4"]
[White "globulon"]
[Black "sere"]
[Result "0-1"]
[WhiteElo "1434"]
[BlackElo "1181"]
[Opening "Four knights: Italian variation"]
[ECO "C47"]
[Time "11:00:10"]
[TimeControl "2700+45"]

1. e4 e5 2. Nf3 Nf6 3. Nc3 Nc6 4. Bc4 h6 5. Bb3 Bc5 6. Nxe5 Nxe5 7. d4 Bb4 8.
dxe5 Nxe4 9. Qf3 d5 10. Bxd5 Qxd5 11. O-O Nxc3 12. bxc3 Qxe5 13. Bd2 Be7 14.
Rfe1 Qd6 15. Re3 Qxd2 16. Rae1 Be6 17. R3e2 Qd7 18. Qxb7 O-O 19. Qf3 Bg4 20.
Rxe7 Bxf3 21. Rxd7 Bc6 22. Rxc7 Ba4 23. Re2 Rfd8 24. h3 Rd1+ 25. Kh2 Ra1 26.
Ree7 Be8 27. c4 Rxa2 28. c5 Rxc2 29. f3 a5 30. Ra7 Rxa7 31. Rxa7 Rxc5 32. Ra8
Kf8 33. Kg3 Ke7 34. Kf4 Kd6 35. Rxe8 Kc6 36. Re4 Kb5 37. Ke3 Rc3+ 38. Kd2 Rc4
39. Rxc4 Kxc4 40. Kc2 Kb4 41. Kb2 f5 42. g3 g5 43. Ka2 a4 44. f4 gxf4 45. gxf4
a3 46. h4 h5 47. Ka1 Kc4 48. Ka2 Kd4 49. Kxa3 Ke4 50. Kb3 Kxf4 51. Kc3 Kg4 52.
Kd3 Kxh4 53. Ke3 Kg3 54. Ke2 Kg2 55. Ke3 Kg3 56. Ke2 f4 57. Ke1 h4 {White
resigns} 0-1

[Event "Team 45 45 League T58"]
[Site "Internet Chess Club"]
[Date "2013.09.14"]
[Round "4"]
[White "sergiosiro"]
[Black "oldsj"]
[Result "1/2-1/2"]
[WhiteElo "1346"]
[BlackElo "1554"]
[Opening "Trompowsky attack (Ruth, Opocenský opening)"]
[ECO "A45"]
[Time "09:00:45"]
[TimeControl "2700+45"]

1. d4 Nf6 2. Bg5 Ne4 3. Bf4 c5 4. c3 e6 5. f3 Nf6 6. e4 Qb6 7. Bc1 cxd4 8. cxd4
Bb4+ 9. Nc3 O-O 10. a3 Be7 11. Bc4 Nc6 12. Nge2 d6 13. O-O Bd7 14. Kh1 Rac8 15.
Qd3 Rfd8 16. Be3 Qc7 17. b4 Nxb4 18. axb4 Qxc4 19. Qxc4 Rxc4 20. Rxa7 Rxb4 21.
Rc1 Bc6 22. d5 exd5 23. exd5 Nxd5 24. Nxd5 Bxd5 25. Rc7 Rb1+ 26. Bg1 Kf8 27. Nc3
Rxg1+ 28. Kxg1 Bc6 29. Ra2 d5 30. Rb2 Bd6 31. Rcxb7 Bxb7 32. Rxb7 d4 33. Ne4 Be5
34. Kf2 Bf4 35. g3 Be3+ 36. Ke2 Ke8 37. f4 Rd7 38. Rb5 Re7 39. Nd6+ Kd7 40. Nf5
Re4 41. Kd3 Re6 42. Nxg7 Rg6 43. Rd5+ Ke7 44. Nf5+ Ke6 45. Re5+ Kf6 46. Nd6 Kg7
47. Nf5+ Kf8 48. Rb5 Ke8 49. Rd5 Ra6 50. Re5+ Kd8 51. Nxe3 dxe3 52. Kxe3 Ra3+
53. Kf2 Ra2+ 54. Kg1 Ra6 55. Kg2 Kd7 56. Kh3 Re6 57. Rxe6 Kxe6 58. Kg4 Kf6 59.
Kh5 Kg7 60. f5 f6 61. h4 h6 62. Kg4 Kh7 63. Kf4 Kg7 64. Ke4 Kf7 65. Kd5 Ke7 66.
g4 Kd7 67. Ke4 Ke7 68. Kf3 Kf7 69. Kf4 Kg7 70. g5 hxg5+ 71. hxg5 fxg5+ 72. Kxg5
Kf7 73. f6 Kf8 74. Kh6 Kf7 75. Kg5 Kf8 76. Kf5 Kf7 77. Ke5 Kf8 78. Ke6 Ke8 {Game
drawn by mutual agreement} 1/2-1/2

[Event "Team 45 45 League T58"]
[Site "Internet Chess Club"]
[Date "2013.09.14"]
[Round "4"]
[White "Tjet"]
[Black "PostMike"]
[Result "1-0"]
[WhiteElo "1513"]
[BlackElo "1428"]
[Opening "English opening"]
[ECO "A20"]
[Time "15:08:56"]
[TimeControl "2700+45"]

1. c4 e5 2. g3 Nc6 3. Bg2 d6 4. Nc3 Nf6 5. e4 Nd4 6. d3 Be7 7. Bg5 c6 8. h3 O-O
9. Nge2 Nxe2 10. Qxe2 Be6 11. O-O h6 12. Bxf6 Bxf6 13. Kh2 Qc7 14. Rab1 Rfd8 15.
b3 Rab8 16. Nd1 b5 17. Ne3 bxc4 18. dxc4 Rb7 19. Rfd1 Be7 20. Rd3 a5 21. a4 Rdb8
22. Qd1 g6 23. Qd2 Kh7 24. h4 Rb4 25. Qd1 R8b7 26. Bh3 Qc8 27. Bxe6 Qxe6 28. Ra1
Qc8 29. h5 Qb8 30. hxg6+ fxg6 31. Qg4 Rxb3 32. Rxb3 Rxb3 33. Qe6 Qc7 34. Qf7+
Kh8 35. Ng4 Bd8 36. Nxh6 {Black resigns} 1-0

[Event "Team 45 45 League T58"]
[Site "Internet Chess Club"]
[Date "2013.09.13"]
[Round "4"]
[White "Aquaman"]
[Black "Fogbound"]
[Result "0-1"]
[WhiteElo "1377"]
[BlackElo "1273"]
[Opening "Réti v Dutch"]
[ECO "A04"]
[Time "14:00:17"]
[TimeControl "2700+45"]

1. Nf3 f5 2. d3 Nf6 3. g3 e6 4. Bg2 Be7 5. O-O d5 6. Nbd2 c6 7. Ne5 Nbd7 8. Ndf3
Nxe5 9. Nxe5 O-O 10. b3 Qa5 11. Bd2 Bb4 12. Bxb4 Qxb4 13. a3 Qd6 14. Nf3 Bd7 15.
c4 Be8 16. b4 Rd8 17. c5 Qc7 18. Qc1 e5 19. e3 Bh5 20. Qb2 Rde8 21. Nh4 Qd7 22.
Nf3 e4 23. dxe4 Bxf3 24. Bxf3 fxe4 25. Bg2 Qe6 26. h3 Nd7 27. Qe2 Ne5 28. h4
Nf3+ 29. Kh1 Qf6 30. Ra2 Re5 31. Qb2 Nxh4 32. gxh4 Qxh4+ 33. Kg1 Rh5 34. f4 exf3
35. Rxf3 Rxf3 36. Bxf3 Rg5+ 37. Kf1 Rf5 38. Ke2 Qg3 39. Qd2 Qxf3+ 40. Kd3 Qe4+
41. Ke2 Qc4+ 42. Kd1 Rf1+ 43. Qe1 Rxe1+ 44. Kxe1 Qxa2 {White resigns} 0-1

[Event "Team 45 45 League T58"]
[Site "Internet Chess Club"]
[Date "2013.09.12"]
[Round "4"]
[White "pmxpp"]
[Black "vjbaker"]
[Result "0-1"]
[WhiteElo "1465"]
[BlackElo "1708"]
[Opening "Queen's Indian: 4.g3 Bb7"]
[ECO "E15"]
[Time "16:15:50"]
[TimeControl "2700+45"]

1. d4 Nf6 2. c4 e6 3. Nf3 b6 4. g3 Bb7 5. Bg2 d5 6. cxd5 Bxd5 7. Nc3 Bb4 8. O-O
Bxc3 9. bxc3 O-O 10. Bg5 Nbd7 11. Qc1 b5 12. a3 Rc8 13. Rb1 a6 14. Ne5 Qe8 15.
Nxd7 Nxd7 16. e4 Bc4 17. Re1 f6 18. Bd2 e5 19. Qb2 Nb6 20. Qa1 Rd8 21. f4 Qd7
22. Be3 exf4 23. Bxf4 Bd3 24. Rbd1 Bc2 25. Rd2 Ba4 26. Qc1 Nc4 27. Rf2 Qe7 28.
h4 Nxa3 29. d5 Nc4 30. Bh3 Ne5 31. Be6+ Kh8 32. Bxe5 fxe5 33. Ref1 Rxf2 34. Rxf2
Rf8 35. Rxf8+ Qxf8 36. Qe3 b4 37. cxb4 Qxb4 38. Qg5 Qe1+ 39. Kh2 Qf2+ 40. Kh3
Qf1+ 41. Kh2 Qf6 42. Qc1 Qf2+ 43. Kh3 Bb5 44. Qg5 Bf1+ 45. Kg4 Be2+ 46. Kh3 Qf1+
47. Kh2 Qf2+ 48. Kh3 Bf1+ 49. Kg4 Be2+ 50. Kh3 Qf6 51. Qe3 Qf3 52. Qxf3 Bxf3 53.
Bf5 a5 54. h5 a4 55. Bd7 a3 {White resigns} 0-1

[Event "Team 45 45 League T58"]
[Site "Internet Chess Club"]
[Date "2013.09.14"]
[Round "4"]
[White "viktory"]
[Black "Berke"]
[Result "1-0"]
[WhiteElo "1478"]
[BlackElo "1528"]
[Opening "QGD: Semi-Tarrasch defense, Pillsbury variation"]
[ECO "D40"]
[Time "09:00:45"]
[TimeControl "2700+45"]

1. d4 d5 2. c4 e6 3. Nc3 Nf6 4. Nf3 c5 5. Bg5 Nbd7 6. e3 Qa5 7. Bd3 cxd4 8. exd4
dxc4 9. Bxc4 Ne4 10. O-O Nxg5 11. Nxg5 Qxg5 12. Re1 Bd6 13. Ne4 Qe7 14. d5 O-O
15. dxe6 fxe6 16. Nxd6 Kh8 17. Bxe6 Qxe6 18. Rxe6 {Black resigns} 1-0

[Event "Team 45 45 League T58"]
[Site "Internet Chess Club"]
[Date "2013.09.15"]
[Round "4"]
[White "tamky70"]
[Black "wildcat2023"]
[Result "0-1"]
[WhiteElo "1371"]
[BlackElo "1554"]
[Opening "QGD Slav: 4.Nc3"]
[ECO "D15"]
[Time "10:05:01"]
[TimeControl "2700+45"]

1. d4 d5 2. c4 c6 3. Nc3 Nf6 4. Nf3 Bf5 5. e3 e6 6. Be2 Nbd7 7. cxd5 exd5 8. O-O
Bd6 9. a3 a5 10. Bd2 b5 11. Nh4 Be6 12. Qc2 Ne4 13. Nf3 Nxd2 14. Nxd2 Nf6 15. e4
Ng4 16. e5 Bc7 17. h3 Nh6 18. Nf3 Nf5 19. Rad1 f6 20. Bd3 g6 21. Nxb5 cxb5 22.
Qc6+ Kf7 23. Bxb5 Rc8 24. Ba6 Ra8 25. Rc1 Bb6 26. Qb7+ Bd7 27. exf6 Kxf6 28. Bd3
Be6 29. Bxf5 Bxf5 30. Qc6+ Be6 31. g4 Kf7 32. g5 Bxh3 33. Rfe1 Bxd4 34. Qb7+ Kf8
35. Red1 Rb8 36. Qc6 Bxb2 37. Rc2 Bg4 38. Qc5+ Kg8 39. Rxd5 Qe8 40. Ne5 Bxe5 41.
Rxe5 Rb1+ 42. Kg2 Qa8+ 43. Kh2 Qh1+ 44. Kg3 Rg1+ 45. Kf4 Qf3# {White checkmated}
0-1

[Event "Team 45 45 League T58"]
[Site "Internet Chess Club"]
[Date "2013.09.12"]
[Round "4"]
[White "Conjurer"]
[Black "Jjohnston92A"]
[Result "0-1"]
[WhiteElo "1391"]
[BlackElo "1356"]
[Opening "Réti opening"]
[ECO "A09"]
[Time "15:30:41"]
[TimeControl "2700+45"]

1. c4 d5 2. Nf3 Nf6 3. cxd5 Qxd5 4. Nc3 Qa5 5. g3 c6 6. Bg2 e6 7. O-O Nd5 8. Qc2
Nxc3 9. bxc3 Ba3 10. d4 Bxc1 11. Raxc1 c5 12. Ne5 Nd7 13. Nxd7 Bxd7 14. Bxb7 Rb8
15. Bg2 cxd4 16. cxd4 O-O 17. Qc7 Qxc7 18. Rxc7 Bb5 19. Bf3 Rfd8 20. Rd1 Ba4 21.
Rdc1 g6 22. e3 a6 23. R1c4 Rb1+ 24. Kg2 Bb5 25. R4c5 Bf1+ 26. Kg1 Bh3+ 27. Rc1
Rxc1+ 28. Rxc1 Rb8 29. Bg2 Bg4 30. a4 Be2 31. Bf1 Bf3 32. Bxa6 Rb6 33. Bb5 h5
34. h4 Kg7 35. Rc7 Kf8 36. Rc8+ Ke7 37. Kf1 e5 38. Re8+ Kf6 39. dxe5+ Kg7 40.
Re7 Rb8 41. Ke1 Rd8 42. Be2 Bd5 43. f4 Ra8 44. Bb5 Rc8 45. Kd2 Be4 46. Bd3 Kf8
47. Ra7 Rd8 48. Ke1 Rxd3 49. Rc7 Rxe3+ 50. Kf2 Ra3 51. Rc8+ Ke7 52. Rc7+ Ke6 53.
Ra7 Bf5 54. a5 Kd5 55. Rxf7 Ke4 56. Ra7 Ra2+ 57. Ke1 Ke3 58. Kd1 Ra1# {White
checkmated} 0-1

[Event "Team 45 45 League T58"]
[Site "Internet Chess Club"]
[Date "2013.09.14"]
[Round "4"]
[White "SeniorCitizen"]
[Black "Toalla"]
[Result "1-0"]
[WhiteElo "1270"]
[BlackElo "1288"]
[Opening "Sicilian: Pelikan (Lasker/Sveshnikov) variation"]
[ECO "B33"]
[Time "16:03:52"]
[TimeControl "2700+45"]

1. e4 c5 2. Nf3 Nc6 3. d4 cxd4 4. Nxd4 Nf6 5. Nc3 e5 6. Nb3 Be7 7. Be2 d6 8. O-O
O-O 9. Be3 a6 10. Qc1 Be6 11. Kh1 Rc8 12. f4 Na5 13. f5 Bxb3 14. axb3 Nxe4 15.
Qe1 Nxc3 16. bxc3 Bg5 17. Bxg5 Qxg5 18. Rxa5 {Black resigns} 1-0

[Event "Team 45 45 League T58"]
[Site "Internet Chess Club"]
[Date "2013.09.15"]
[Round "4"]
[White "WilmaP"]
[Black "theartist"]
[Result "1-0"]
[WhiteElo "1123"]
[BlackElo "1131"]
[Opening "French defense"]
[ECO "C00"]
[Time "13:19:40"]
[TimeControl "2700+0"]
 
1. e4 {0:44:50} e6 {0:44:54} 2. Nf3 {0:44:40} d5 {0:44:14} 3. d3 {0:43:55}
c5 {0:43:25} 4. Nbd2 {0:43:45} Nc6 {0:41:41} 5. Nb3 {0:39:10} Bd6 {0:38:24}
6. Be2 {0:38:28} Bd7 {0:37:20} 7. O-O {0:38:06} Nge7 {0:36:37} 8. c3
{0:37:16} e5 {0:35:18} 9. d4 {0:36:19} dxe4 {0:34:55} 10. Nxe5 {0:34:56}
Bxe5 {0:34:17} 11. dxe5 {0:34:44} Nxe5 {0:33:21} 12. Nxc5 {0:34:31} Bc6
{0:31:31} 13. Qc2 {0:32:23} Qd5 {0:29:21} 14. Be3 {0:30:47} b6 {0:28:29} 15.
Na6 {0:29:54} Rc8 {0:26:01} 16. Nb4 {0:29:15} Qe6 {0:24:38} 17. b3 {0:28:23}
O-O {0:24:14} 18. Rad1 {0:27:28} Bb7 {0:22:00} 19. f3 {0:24:33} N5g6
{0:17:22} 20. f4 {0:22:54} f5 {0:15:32} 21. Bc4 {0:22:04} Rxc4 {0:14:41} 22.
bxc4 {0:21:28} Qc8 {0:09:05} 23. Qb3 {0:19:13} Kh8 {0:08:06} 24. Rf2
{0:18:59} Rd8 {0:06:57} 25. Rfd2 {0:18:47} Rxd2 {0:06:18} 26. Rxd2 {0:18:40}
Qc7 {0:04:25} 27. Qd1 {0:18:02} Bc8 {0:02:13} 28. Rd8+ {0:17:51} Ng8
{0:02:01} 29. Rd2 {0:17:04} N8e7 {0:01:38} 30. Nd5 {0:15:20} Qc6 {0:00:52}
31. Nxe7 {0:15:05} Nxe7 {0:00:43} 32. Rd8+ {0:15:01} Ng8 {0:00:33} 33. Rxg8+
{0:14:52} Kxg8 {0:00:29} 34. Qd8+ {0:14:47} Kf7 {0:00:16} 35. Qd5+ {0:14:11}
Kf6 {0:00:05} 36. Qxc6+ {0:14:06} {Black forfeits on time} 1-0

[Event "Team 45 45 League T58"]
[Site "Internet Chess Club"]
[Date "2013.09.16"]
[Round "4"]
[White "jjaco"]
[Black "wekabird"]
[Result "0-1"]
[WhiteElo "1034"]
[BlackElo "1173"]
[Opening "Caro-Kann defense"]
[ECO "B10"]
[Time "22:00:29"]
[TimeControl "2700+45"]

1. e4 c6 2. Nf3 d5 3. d3 e6 4. Nc3 Ne7 5. Bg5 Qc7 6. Be2 Ng6 7. Bh4 Bb4 8. Bg3
Bxc3+ 9. bxc3 Qd8 10. O-O O-O 11. Re1 Nd7 12. Nd4 a6 13. f4 c5 14. Nb3 Qe7 15.
Nd2 Rd8 16. c4 dxe4 17. dxe4 Nb6 18. c3 Qf6 19. e5 Qf5 20. Bg4 Qd3 21. Ne4 Qxd1
22. Bxd1 Nxc4 23. Re2 b6 24. Bb3 Na3 25. Nd6 Bd7 26. Bc2 c4 27. Be4 Rab8 28. h4
Ne7 29. Rd1 Bc6 30. Bxh7+ Kxh7 31. Red2 Rf8 32. Bf2 Nd5 33. f5 Ne7 34. f6 gxf6
35. exf6 Nf5 36. Nxf5 exf5 37. Rd6 Be4 38. Rd7 Kg8 39. h5 Nb5 40. a4 Nxc3 41.
R1d6 Nxa4 42. h6 c3 43. Be3 Nc5 44. Bxc5 bxc5 45. Rb6 Rxb6 {White resigns} 0-1

[Event "Team 45 45 League T58"]
[Site "Internet Chess Club"]
[Date "2013.09.12"]
[Round "4"]
[White "mindstorm"]
[Black "medsurg"]
[Result "1-0"]
[WhiteElo "1431"]
[BlackElo "1335"]
[Opening "Philidor's defense"]
[ECO "C41"]
[Time "21:02:08"]
[TimeControl "2700+45"]

1. e4 e5 2. Nf3 d6 3. h3 Be7 4. Bc4 Nc6 5. c3 Nf6 6. Qe2 Nh5 7. d4 Nf4 8. Bxf4
exf4 9. O-O O-O 10. Nbd2 Bf6 11. Rfe1 Bd7 12. Qd3 Na5 13. Rad1 Nxc4 14. Nxc4 Re8
15. e5 dxe5 16. Ncxe5 Be6 17. Rd2 Bd5 18. Rde2 Qd6 19. Ng4 Rxe2 20. Nxf6+ Qxf6
21. Qxe2 Bxa2 22. Qe8+ {Black resigns} 1-0

[Event "Team 45 45 League T58"]
[Site "Internet Chess Club"]
[Date "2013.09.14"]
[Round "4"]
[White "rgadoury"]
[Black "MasterD"]
[Result "1-0"]
[WhiteElo "1219"]
[BlackElo "1184"]
[Opening "Queen's pawn game"]
[ECO "D00"]
[Time "18:14:07"]
[TimeControl "2700+45"]

1. d4 d5 2. g3 Nf6 3. Bg2 e6 4. Nf3 c6 5. Nbd2 Nbd7 6. O-O Bd6 7. Re1 O-O 8. c3
b6 9. e4 e5 10. dxe5 Nxe5 11. Nxe5 Bxe5 12. f4 Bc7 13. e5 Ne8 14. Nf3 f6 15. b4
fxe5 16. Nxe5 Bd7 17. Nxd7 Qxd7 18. Be3 Nf6 19. Bd4 b5 20. a3 Bb6 21. Bxb6 axb6
22. Qd4 Qe7 23. Rxe7 Rfe8 24. Rxe8+ Rxe8 {Black resigns} 1-0

[Event "Team 45 45 League T58"]
[Site "Internet Chess Club"]
[Date "2013.09.14"]
[Round "4"]
[White "RockingCHESS"]
[Black "WzeroMN"]
[Result "1/2-1/2"]
[WhiteElo "964"]
[BlackElo "1099"]
[Opening "Queen's pawn game"]
[ECO "D05"]
[Time "10:30:54"]
[TimeControl "2700+45"]

1. d4 Nf6 2. Nf3 d5 3. e3 e6 4. Bd3 c5 5. dxc5 Bxc5 6. O-O O-O 7. c4 dxc4 8.
Bxc4 Qxd1 9. Rxd1 Nc6 10. Nc3 Rd8 11. Rxd8+ Nxd8 12. Bd2 Bd7 13. a3 a5 14. Bb5
Bxb5 15. Nxb5 Nc6 16. Rc1 Be7 17. Nc7 Rc8 18. Nb5 Rd8 19. Nbd4 Nxd4 20. exd4 b6
21. Rc7 Nd5 22. Rc1 Bf8 23. Ne5 Ne7 24. b4 axb4 25. Bxb4 Rc8 26. Rxc8 Nxc8 27.
Bxf8 Kxf8 28. Kf1 {Game drawn by mutual agreement} 1/2-1/2

[Event "Team 45 45 League T58"]
[Site "Internet Chess Club"]
[Date "2013.09.15"]
[Round "4"]
[White "rhayder"]
[Black "semperfi"]
[Result "1-0"]
[WhiteElo "1297"]
[BlackElo "1373"]
[Opening "French: exchange variation"]
[ECO "C01"]
[Time "18:13:21"]
[TimeControl "2700+45"]

1. e4 e6 2. d4 d5 3. exd5 exd5 4. Nf3 Nf6 5. Be2 Bd6 6. O-O O-O 7. Nc3 a6 8. Bg5
Nc6 9. Bxf6 Qxf6 10. Nxd5 Qh6 11. c3 Be6 12. Ne3 Ne7 13. Nc4 Nf5 14. Nxd6 Nxd6
15. Qd2 Qg6 16. Ne5 Qf6 17. b3 Ne4 18. Qe3 Nd6 19. Qf3 Qg5 20. Bc4 Nxc4 21. Nxc4
Bd5 22. Qg3 Qxg3 23. fxg3 Rfe8 24. Rae1 f6 25. Ne3 Be4 26. c4 Rad8 27. d5 c6 28.
dxc6 Bxc6 29. Nf5 Rd2 30. Rxe8+ Bxe8 31. Rf2 Rxf2 32. Kxf2 Kf7 33. Ke3 Bc6 34.
Kd4 Bxg2 35. Kc5 Ke6 36. Nxg7+ Ke5 37. Ne8 h5 38. Nc7 Be4 39. Nd5 Bb1 40. Nc3
Bc2 41. Kb6 f5 42. Kxb7 Be4+ 43. Kxa6 Kd4 44. Nxe4 fxe4 45. c5 e3 46. c6 e2 47.
c7 e1=Q 48. c8=Q Qe2+ 49. Qc4+ Qxc4+ 50. bxc4 Kxc4 51. a4 Kc5 52. a5 Kc6 53. Ka7
Kc7 54. a6 Kc8 55. h3 Kc7 56. g4 h4 57. g5 Kd7 58. Kb7 {Black resigns} 1-0

[Event "Team 45 45 League T58"]
[Site "Internet Chess Club"]
[Date "2013.09.11"]
[Round "4"]
[White "dabodhi"]
[Black "chips"]
[Result "1/2-1/2"]
[WhiteElo "1349"]
[BlackElo "1159"]
[Opening "Petrov: modern attack, Symmetrical variation"]
[ECO "C43"]
[Time "16:05:16"]
[TimeControl "2700+45"]

1. e4 e5 2. Nf3 Nf6 3. d4 Nxe4 4. dxe5 Bb4+ 5. c3 Bc5 6. Nd4 d6 7. Bf4 dxe5 8.
Bxe5 f6 9. Bf4 Bxd4 10. cxd4 c5 11. Be3 cxd4 12. Qxd4 Qxd4 13. Bxd4 Nc6 14. Bc3
Nxc3 15. Nxc3 Bf5 16. Bb5 Bd7 17. Nd5 O-O 18. O-O a6 19. Bc4 Kh8 20. Nb6 Rad8
21. Rad1 Bf5 22. Bd5 Rd6 23. Bf3 Rxd1 24. Rxd1 Rb8 25. g4 Be6 26. a3 Ne5 27. Be2
Bxg4 28. Bxg4 Nxg4 29. Rd7 Ne5 30. Rc7 Nf3+ 31. Kg2 Ne1+ 32. Kg3 Nd3 33. b4 Ne5
34. f4 Nc6 35. Nd7 Re8 36. Rxb7 h6 37. Rb6 Nd4 38. Rxa6 Re3+ 39. Kg4 Nc2 40.
Ra8+ Kh7 41. Nf8+ Kg8 42. Ng6+ Kf7 43. Nh8+ Ke7 44. Ra7+ Kf8 45. Ng6+ Kg8 {Game
drawn by mutual agreement} 1/2-1/2

[Event "Team 45 45 League T58"]
[Site "Internet Chess Club"]
[Date "2013.09.15"]
[Round "4"]
[White "arconia"]
[Black "Aquaman"]
[Result "0-1"]
[WhiteElo "1286"]
[BlackElo "1389"]
[Opening "QP counter-gambit (elephant gambit)"]
[ECO "C40"]
[Time "15:09:16"]
[TimeControl "2700+45"]

1. e4 e5 2. Nf3 d5 3. Nc3 d4 4. Nb1 Bd6 5. d3 Nf6 6. h3 O-O 7. Be2 c5 8. O-O b5
9. Nh2 Qc7 10. c3 Nbd7 11. Nd2 Nb6 12. Ndf3 a6 13. Bg5 Ne8 14. Bh4 f5 15. exf5
Bxf5 16. cxd4 exd4 17. Rc1 Qd7 18. Ng5 h6 19. Ne4 Bxe4 20. dxe4 c4 21. Qxd4
Bxh2+ 22. Kh1 Qxd4 {White resigns} 0-1

[Event "Team 45 45 League T58"]
[Site "Internet Chess Club"]
[Date "2013.09.15"]
[Round "4"]
[White "artspir"]
[Black "oldbookseller"]
[Result "1-0"]
[WhiteElo "1147"]
[BlackElo "955"]
[Opening "Queen's pawn game"]
[ECO "D02"]
[Time "13:00:10"]
[TimeControl "2700+45"]

1. d4 d5 2. Nf3 e6 3. Bf4 Nf6 4. h3 Be7 5. e3 Nbd7 6. Bd3 c6 7. O-O O-O 8. c3
Nh5 9. Bh2 Bf6 10. Nbd2 e5 11. dxe5 Nxe5 12. Nxe5 Qe8 13. Qxh5 h6 14. Qe2 Bxe5
15. Bxe5 Qxe5 16. f4 Qd6 17. Nf3 f6 18. c4 Be6 19. cxd5 Qxd5 20. Rfd1 Qd8 21.
Bh7+ Kxh7 22. Rxd8 Raxd8 23. Nh4 g5 24. Qc2+ f5 25. fxg5 hxg5 26. Nf3 g4 27.
Ng5+ Kg6 28. Nxe6 Rg8 29. Nxd8 Rxd8 30. hxg4 Kg5 31. Rf1 Kxg4 32. Qxf5+ Kh4 33.
Rf4+ {Black resigns} 1-0

[Event "Team 45 45 League T58"]
[Site "Internet Chess Club"]
[Date "2013.09.12"]
[Round "4"]
[White "SATELLITE-DAN"]
[Black "Constrictor"]
[Result "0-1"]
[WhiteElo "1501"]
[BlackElo "1731"]
[Opening "Caro-Kann: Alekhine gambit"]
[ECO "B15"]
[Time "20:00:44"]
[TimeControl "2700+45"]

1. e4 c6 2. d4 d5 3. Nc3 dxe4 4. Nxe4 Nf6 5. Bd3 Nbd7 6. Nxf6+ Nxf6 7. Nf3 Bg4
8. c3 e6 9. h3 Bh5 10. Be4 Nxe4 11. Qd3 Nf6 12. Bg5 Be7 13. O-O-O Qc7 14. Rde1
O-O-O 15. Be3 Bg6 16. Qc4 Bd6 17. Qa4 a6 18. g3 Nd5 19. c4 Nxe3 20. Rxe3 Bh5 21.
Ng5 h6 22. Ne4 Bg6 23. c5 Be7 24. Nd2 Bf6 25. Nb3 e5 26. dxe5 Bxe5 27. Rhe1 Bf6
28. f4 Rd3 29. R3e2 Rhd8 {White resigns} 0-1